 Dungeon Crawl Stone Soup version 0.26.1-11-gd32895ea62 (webtiles) character file.

Game seed: 16954660801381261880

828 Fractals the Skirmisher (level 7, -7/71 HPs)
             Began as a Troll Hunter on May 30, 2021.
             Mangled by an orc warrior
             ... wielding a +0 hand axe
              (14 damage)
             ... on level 5 of the Dungeon.
             The game lasted 00:12:00 (4829 turns).

Fractals the Skirmisher (Troll Hunter)              Turns: 4829, Time: 00:12:01

Health: -7/71      AC:  9    Str: 21    XL:     7   Next: 64%
Magic:  6/6        EV: 12    Int:  7    God:
Gold:   246        SH:  0    Dex: 16    Spells: 6/6 levels left

rFire    . . .     SeeInvis .   p - +1 hand axe (flame)
rCold    . . .     Faith    .   (no shield)
rNeg     + . .     Spirit   .   b - +0 robe
rPois    .         Reflect  .   v - -2 hat of Trumpets {+Fly rN+ Dex+4 Stlth-} (curse)
rElec    .         Harm     .   t - +0 cloak
rCorr    .         Rampage  .   (gloves unavailable)
Will     .....                  (boots unavailable)
Stlth    +.........             (no amulet)
HPRegen  0.61/turn              m - +4 ring of protection
MPRegen  0.10/turn              (no ring)

@: about to teleport
A: large, unfitting armour, claws 3, regeneration 1, shaggy fur 1, tough skin 3
a: Evoke Flight


You were on level 5 of the Dungeon.
You visited 1 branch of the dungeon, and saw 6 of its levels.

You collected 246 gold pieces.

Inventory:

Hand Weapons
 p - a +1 hand axe of flaming (weapon)
Missiles
 c - 5 large rocks
 d - 2 throwing nets
 k - 140 stones (quivered)
Armour
 b - a +0 robe (worn)
 t - a +0 cloak (worn)
 v - the cursed -2 hat of Trumpets (worn) {+Fly rN+ Dex+4 Stlth-}
   (You found it on level 4 of the Dungeon)

   It affects your dexterity (+4).
   It protects you from negative energy.
   It lets you fly.
   It makes you less stealthy.
   It has a curse placed upon it.
Jewellery
 m - a +4 ring of protection (left claw)
Scrolls
 e - a scroll of fear {unknown}
 i - 2 scrolls of remove curse
 j - a scroll of magic mapping
 n - a scroll of enchant weapon
 o - 8 scrolls of identify
 u - a scroll of immolation {unknown}
 w - a scroll of enchant armour {unknown}
 y - a scroll of vulnerability {unknown}
Potions
 a - a potion of mutation {unknown}
 f - 4 potions of haste
 g - a potion of magic
 h - a potion of might {unknown}
 q - a potion of lignification {unknown}
 r - a potion of curing {unknown}
 s - a potion of invisibility {unknown}
 x - a potion of attraction {unknown}
 z - 3 potions of degeneration {unknown}
 A - a potion of brilliance {unknown}


   Skills:
 + Level 4.4 Fighting
 + Level 2.9 Axes
 - Level 4.0 Throwing
 + Level 4.4 Dodging
 - Level 0.3 Stealth
 - Level 2.1 Unarmed Combat


You had 6 spell levels left.
You didn't know any spells.
Your spell library was empty.

Dungeon Overview and Level Annotations

Branches:
Dungeon (6/15)
 Temple: D:4-7

Altars:
Kikubaaqudgha
Trog

Annotations:
D:4 1 runed translucent door, Crazy Yiuf
D:6 3 runed translucent doors, Golfball's ghost, novice GrIE; Prince Ribbit


Innate Abilities, Weirdness & Mutations

You are too large for most types of armour.
You have claws for hands.
Your natural rate of healing is unusually fast.
You are covered in fur. (AC +1)
You have extremely tough skin. (AC +3)


Message History

The orc hits you with a +0 trident.
The orc warrior hits you with a +0 hand axe!!
* * * LOW HITPOINT WARNING * * *
It was a potion of magic.
Magic courses through your body. The orc closely misses you.
You closely miss the orc.
The orc is severely wounded.
You closely miss the orc warrior.
The orc warrior hits you with a +0 hand axe!
* * * LOW HITPOINT WARNING * * *
The orc barely misses you.
The orc warrior hits you with a +0 hand axe.
* * * LOW HITPOINT WARNING * * *
As you read the scroll of teleportation, it crumbles to dust.
You feel strangely unstable. The orc hits you but does no damage.
You hit the orc. You burn the orc.
You kill the orc!
You barely miss the orc warrior.
The orc warrior hits you with a +0 hand axe!
You die...

#.........<# #....##.#
#.#######.## #.##.##.#######
#.# #.# #.#...#........ #.#
#.#####..#.#.######## #.#
#.##............# #.#
#.##.##..#.#.##.# #.#
#.##.##.#...###.##
#.#######.##)##.##.###.#.##
#.........##@##.##.##.###.###
###.#.######o##.##...## ##...
#.........h...#####.###[###
#..........#### ##.#.##
#...######.# ##.## #...# #.#
#.# #...#### #.##########.#
#......# #............#
#......# #.############


You could see an orc warrior and a hound.

Vanquished Creatures
  Grinder (D:3)
  Menkaure (D:4)
  A centaur zombie (D:5)
  A hound (D:5)
  2 iguanas (D:5)
  5 worker ants
  A killer bee zombie (D:2)
  A hound skeleton (D:6)
  4 gnolls (D:3)
  9 adders
  An ufetubus (D:5)
  4 worms
  3 dart slugs
  6 leopard geckos
  6 orcs
  2 giant cockroaches (D:2)
  7 goblins
  7 hobgoblins
  4 jackals (D:1)
  7 kobolds
  3 quokkas
  A ball python (D:6)
  7 bats
  6 frilled lizards
  A quokka zombie (D:5)
  7 rats
98 creatures vanquished.

Vanquished Creatures (others)
  A human (D:2)
  A bat (D:1)
  9 plants (D:5)
11 creatures vanquished.

Grand Total: 109 creatures vanquished

Notes
Turn   | Place    | Note
-------+----------+-------------------------------------------
     0 | D:1      | Fractals the Troll Hunter began the quest for the Orb.
     0 | D:1      | Reached XP level 1. HP: 19/19 MP: 0/0
    36 | D:1      | Reached XP level 2. HP: 25/28 MP: 1/1
   636 | D:1      | Reached XP level 3. HP: 35/35 MP: 2/2
  1164 | D:2      | Reached skill level 1 in Unarmed Combat
  1217 | D:2      | Found an ancient bone altar of Kikubaaqudgha.
  1218 | D:2      | Noticed a human
  1220 | D:2      | Killed a human
  1240 | D:2      | Reached XP level 4. HP: 44/44 MP: 3/3
  1635 | D:3      | Reached XP level 5. HP: 50/50 MP: 4/4
  2392 | D:4      | Noticed Grinder
  2405 | D:3      | Paralysed by Grinder for 2 turns
  2511 | D:3      | Killed Grinder
  2512 | D:3      | Reached skill level 1 in Axes
  2512 | D:3      | Reached XP level 6. HP: 33/62 MP: 5/5
  2861 | D:4      | Got a bloodstained hat
  2872 | D:4      | Identified the cursed -2 hat of Trumpets {+Fly rN+ Dex+4
                  | Stlth-} (You found it on level 4 of the Dungeon)
  3014 | D:4      | Noticed Menkaure
  3032 | D:4      | Killed Menkaure
  3033 | D:4      | Reached XP level 7. HP: 35/68 MP: 6/6
  3395 | D:4      | Found a runed translucent door.
  3396 | D:4      | Noticed Crazy Yiuf
  3827 | D:5      | Entered Level 5 of the Dungeon
  4689 | D:6      | Found a bloodstained altar of Trog.
  4748 | D:6      | Noticed Prince Ribbit
  4800 | D:6      | Found a runed translucent gate.
  4800 | D:6      | Found a runed translucent gate.
  4800 | D:6      | Found a runed translucent gate.
  4800 | D:6      | Noticed Golfball's ghost (novice GrIE)
  4829 | D:5      | Mangled by an orc warrior

Illustrated notes

Levels and vault maps discovered:
D:1:      lemuel_arrival_lava_pool, layout_loops_ring,
          minmay_misc_feat_four_crosses, minmay_octomino_c4
D:2:      layout_basic, tgw_kikubaaqudgha
D:3:      layout_basic, lemuel_another_geyser
D:4:      layout_layer_cave, serial_glass, glass_columns_a, glass_columns_b,
          minmay_strange_pillars, minmay_strange_pillars,
          minmay_strange_pillars, minmay_strange_pillars,
          cheibrodos_sewer_entry_bend, uniq_grinder, uniq_menkaure,
          uniq_crazy_yiuf_cottage
D:5:      layout_loops_ring, kennysheep_donut, minmay_lizard_king
D:6:      layout_rooms, bloody_trog, serial_shops, shop,
          gammafunk_ghost_necromancy, uniq_prince_ribbit1, uniq_edmund,
          uniq_blork_the_orc, uniq_eustachio

Skill      XL: |  1  2  3  4  5  6  7 |
---------------+----------------------+-----
Dodging        | 2 3 4 |  4.4
Fighting       | 2 3 4 |  4.4
Throwing       | 4 |  4.0
Unarmed Combat | 1 2 |  2.1
Axes           | 1 2 |  2.9
Stealth        | |  0.3

Action                   |  1- 3 |  4- 6 |  7- 9 || total
-------------------------+-------+-------+-------++-------
Melee: Unarmed           |   145 |    62 |       ||   207
       Hand axe          |       |    29 |   140 ||   169
       Punch             |       |     1 |     2 ||     3
Throw: Large rock        |       |     5 |       ||     5
       Stone             |       |     5 |       ||     5
  Use: Potion            |     1 |     1 |     1 ||     3
       Scroll            |       |     5 |     2 ||     7
 Stab: Sleeping          |     1 |     2 |       ||     3
Armor: Robe              |    64 |    28 |    65 ||   157
Dodge: Dodged            |    86 |    37 |    93 ||   216
